 Dungeon Crawl Stone Soup version 0.32-a0-558-g233958a4c4 (webtiles) character file.

Game seed: 5385310515013455667

331 Persephone the Shooter (level 6, -3/44 HPs)
             Began as a Coglin Hunter on Feb 29, 2024.
             Was an Initiate of Hepliaklqana.
             Killed by nerve-wracking pain
             ... invoked by Grinder
              (12 damage)
             ... while paralysed by Grinder
             ... on level 4 of the Dungeon.
             The game lasted 00:04:13 (3066 turns).

Persephone the Shooter (Coglin Hunter)              Turns: 3066, Time: 00:04:14

Health: -3/44      AC:  6    Str: 12    XL:     6   Next: 51%
Magic:  6/6        EV:  2    Int:  8    God:    Hepliaklqana [......]
Gold:   219        SH:  0    Dex: 19    Spells: 5/5 levels left

rFire   . . .        m - +3 sling {Yolanda}
rCold   . . .        d - +0 sling {Hisae}
rNeg    . . .        c - +0 leather armour
rPois   .            n - +2 helmet
rElec   .            (no cloak)
rCorr   .            (no gloves)
SInv    .            (no boots)
Will    .....        (amulet unavailable)
Stlth   ++           (ring unavailable)
HPRegen 0.27/turn    (ring unavailable)
MPRegen 0.10/turn    (no gizmo)

%: no passive effects
@: paralysed, revved
A: off-hand wielding, slow wielding, warmup strikes, no jewelry
a: Invent Gizmo, Renounce Religion


You were on level 4 of the Dungeon.
You worshipped Hepliaklqana.
Hepliaklqana was noncommittal.
You visited 2 branches of the dungeon, and saw 5 of its levels.

You collected 219 gold pieces.

Inventory:

Hand Weapons
 d - a +0 sling (offhand) {Hisae}
 m - a +3 sling (weapon) {Yolanda}
Armour
 c - a +0 leather armour (worn)
 n - a +2 helmet (worn)
Wands
 g - a wand of charming (6)
 h - a wand of light (6)
Scrolls
 b - a scroll of butterflies
Potions
 a - a potion of enlightenment {unknown}
 e - a potion of lignification
 f - a potion of degeneration {unknown}
 j - 3 potions of attraction {unknown}
 k - 2 potions of heal wounds {unknown}
 l - a potion of resistance {unknown}


   Skills:
 - Level 2.0 Fighting
 + Level 6.9 Ranged Weapons
 - Level 1.7 Dodging
 - Level 0.7 Stealth


You had 5 spell levels left.
You didn't know any spells.
Your spell library contained the following spells:

 Spells                   Type           Power      Damage    Failure   Level
 Freeze                   Ice            0%         1d3       50%         1
 Frozen Ramparts          Ice            0%         1d1       86%         3
 Hailstorm                Conj/Ice       0%         3d5       86%         3
 Tukima's Dance           Hex            0%         N/A       86%         3
 Dimensional Bullseye     Hex/Tloc       0%         N/A       99%         4
 Iskenderun's Mystic Bla  Conj/Tloc      0%         2d3       99%         4


Dungeon Overview and Level Annotations

Branches:
Dungeon (4/15)             Temple (1/1) D:4

Altars:
Ashenzari
Cheibriados
Elyvilon
Fedhas
Hepliaklqana
Kikubaaqudgha
Ru
Sif Muna
Vehumet
Wu Jian
Yredelemnul
Zin
The Shining One

Shops:
D:1 [   D:3 ([!

Annotations:
D:3 3 runed translucent doors, DiddlyDoom's ghost, amateur GrBe
D:4 Grinder


Innate Abilities, Weirdness & Mutations

You can wield a second weapon in your off-hand.
It takes a long time for you to wield or remove held weapons.
Your first few attacks do less damage.
You cannot equip rings or amulets.


Message History

You shoot a sling bullet. The sling bullet barely misses Grinder.
Grinder gestures at you. Pain shoots through your body!
You are too injured to fight recklessly!
You are too injured to fight recklessly!
You are too injured to fight recklessly!
You shoot a sling bullet. The sling bullet hits Grinder!
Grinder is severely wounded.
You shoot a sling bullet. The sling bullet barely misses Grinder.
Grinder hits you!
You writhe in agony.
You shoot a sling bullet. The sling bullet barely misses Grinder.
You shoot a sling bullet. The sling bullet barely misses Grinder.
Grinder blinks!
You are too injured to fight recklessly!
You are too injured to fight recklessly!
Fire: m) +3 sling {Yolanda}
Press: ? - help, Shift-Dir - straight line, f/p - Grinder
Aim: Grinder (severely wounded, 63% to hit)
You shoot a sling bullet. The sling bullet barely misses Grinder.
You shoot a sling bullet. The sling bullet barely misses Grinder.
Fire: m) +3 sling {Yolanda}
Press: ? - help, Shift-Dir - straight line, f/p - Grinder
Aim: Grinder (severely wounded, 63% to hit)
You shoot a sling bullet. The sling bullet hits Grinder.
Grinder is severely wounded.
You shoot a sling bullet. The sling bullet hits Grinder!
Grinder is almost dead.
Grinder gestures at you.
You suddenly lose the ability to move!
Grinder gestures at you. Pain shoots through your body!
* * * LOW HITPOINT WARNING * * *
Grinder says, "Wait up."
Grinder gestures at you.
You barely resist. Grinder gestures at you. Pain shoots through your body!
You die...
Grinder says, "Hey, I wasn't done torturing you yet!"
Hepliaklqana delivers you to your ancestors.

................#
................#
.................
.................
..................
..>................
.......5............
.......@.............
..........#..........
..........#..........
..........#....†.....
.....................
.....................
.#.....#.............
#...#...............
............######.....


You could see Grinder.

Vanquished Creatures
  A black bear (D:4)
  A phantom (D:2)
  2 hounds (D:4)
  Robin (D:2)
  2 adders
  3 dart slugs
  2 ribbon worms
  5 orcs
  2 bats
  2 endoplasms
  2 giant cockroaches
  11 goblins
  8 hobgoblins
  3 quokkas
  10 ball pythons
  3 frilled lizards
  A kobold (D:4)
  6 rats
65 creatures vanquished.

Notes
Turn   | Place    | Note
-------+----------+-------------------------------------------
     0 | D:1      | Persephone the Coglin Hunter began the quest for the Orb.
     0 | D:1      | Reached XP level 1. HP: 16/16 MP: 1/1
    19 | D:1      | Found Keetanwy's Armour Emporium.
   362 | D:1      | Reached skill level 4 in Ranged Weapons
   362 | D:1      | Reached XP level 2. HP: 22/22 MP: 2/2
   778 | D:2      | Reached XP level 3. HP: 25/27 MP: 3/3
  1054 | D:2      | Noticed Robin
  1070 | D:2      | Killed Robin
  1071 | D:2      | Reached skill level 5 in Ranged Weapons
  1071 | D:2      | Reached XP level 4. HP: 22/33 MP: 4/4
  1176 | D:2      | Noticed a phantom
  1201 | D:2      | Killed a phantom
  1202 | D:2      | Reached XP level 5. HP: 8/38 MP: 5/5
  1590 | D:2      | Found a faded altar of an unknown god.
  1622 | D:3      | Found Tyalonoent's Antique Weapon Shoppe.
  1650 | D:3      | Found Ableomm's Armour Boutique.
  1670 | D:3      | Found a runed translucent gate.
  1670 | D:3      | Found a runed translucent gate.
  1680 | D:3      | Found a runed translucent gate.
  1684 | D:3      | Noticed DiddlyDoom's ghost (amateur GrBe)
  1921 | D:3      | Found an ancient bone altar of Kikubaaqudgha.
  1950 | D:3      | Found Ubituatu's Distillery.
  1990 | D:3      | Reached skill level 6 in Ranged Weapons
  2893 | D:4      | Noticed a black bear
  2900 | D:4      | Killed a black bear
  2901 | D:4      | Reached XP level 6. HP: 36/44 MP: 6/6
  2936 | D:4      | Found a staircase to the Ecumenical Temple.
  2961 | Temple   | Entered the Ecumenical Temple
  2984 | Temple   | Became a worshipper of Hepliaklqana the Forgotten
  3048 | D:4      | Noticed Grinder
  3052 | D:4      | Paralysed by Grinder for 4 turns
  3064 | D:4      | Paralysed by Grinder for 4 turns
  3066 | D:4      | Killed from afar by Grinder

Illustrated notes

Levels and vault maps discovered:
D:1:      minmay_arrival_pointy, layout_basic, serial_shops, shop,
          serial_bayou_crossing
D:2:      layout_loops_ring, shapermc_ecumenical_altar_pompeii, eino_curves_03,
          uniq_robin
D:3:      layout_basic, nicolae_kikubaaqudgha_miasma_corner, serial_shops, shop,
          nicolae_square_shop, nicolae_shop_temple_entry_statues_fountains,
          gammafunk_ghost_split, kennysheep_cluttered_room, minivault_4
D:4:      layout_basic, minmay_temple_entry_mist, uniq_grinder,
          uniq_crazy_yiuf_cottage
Temple:   minmay_temple_bridge_abc

Skill      XL: |  1  2  3  4  5 |
---------------+----------------+-----
Ranged Weapons | 4 5 6 |  6.9
Fighting       | |  2.0
Dodging        | |  1.7
Stealth        | |  0.7

Action                     |  1- 3 |  4- 6 || total
---------------------------+-------+-------++-------
   Fire: Shortbow          |    98 |     3 ||   101
         Sling             |       |   204 ||   204
    Use: Scroll            |       |     7 ||     7
 Armour: Leather armour    |    28 |    40 ||    68
  Dodge: Dodged            |    19 |    41 ||    60

Table legend: (Time is in decaauts)
 A = Elapsed time spent in this place.
 B = Non-inter-level travel time spent in this place.
 C = Inter-level travel time spent in this place.
 D = Time resting spent in this place.
 E = Time spent auto-exploring this place.
 F = Levels seen in this place.
 G = Mean time per level.
                   A        B        C        D        E       F      G
               +--------+--------+--------+--------+--------+-----+--------+
         Total |   3121 |   2972 |    149 |      0 |   2484 |   5 |  624.2 |
       Dungeon |   3074 |   2969 |    105 |      0 |   2484 |   4 |  768.5 |
        Temple |     46 |      2 |     44 |      0 |      0 |   1 |   46.0 |
               +--------+--------+--------+--------+--------+-----+--------+

Top non-repeatable levels by time:
     D:3: 1154 daAuts
     D:2: 1001 daAuts
     D:1: 660 daAuts
     D:4: 258 daAuts
  Temple: 46 daAuts
